 Dungeon Crawl Stone Soup version 0.23-a0-309-ge7838e6 (webtiles) character file.

85 panicbit the Covered (level 4, 40/40 HPs)
             Began as a Minotaur Fighter on May 13, 2018.
             Quit the game on level 2 of the Dungeon on Oct 11, 2018.
             The game lasted 00:03:52 (1016 turns).

panicbit the Covered (Minotaur Fighter)             Turns: 1016, Time: 00:03:52

Health: 40/40      AC:  8    Str: 22    XL:     4   Next: 25%
Magic:  3/3        EV:  8    Int:  5    God:
Gold:   66         SH:  9    Dex:  9    Spells: 3/3 levels left

rFire    . . .     SeeInvis .   a - +0 war axe
rCold    . . .     Gourm    .   c - +0 shield
rNeg     . . .     Faith    .   b - +0 scale mail
rPois    .         Spirit   .   (helmet restricted)
rElec    .         Reflect  .   n - +0 cloak
rCorr    .         Harm     .   (no gloves)
MR       .....                  (no boots)
Stlth    ..........             (no amulet)
HPRegen  0.13/turn              (no ring)
MPRegen  0.08/turn              (no ring)

@: no status effects
A: retaliatory headbutt, horns 2
a: no special abilities


You were on level 2 of the Dungeon.
You were hungry.

You visited 1 branch of the dungeon, and saw 2 of its levels.

You collected 66 gold pieces.

Inventory:

Hand Weapons
 a - a +0 war axe (weapon)
 m - a +1 mace of protection
Armour
 b - a +0 scale mail (worn)
 c - a +0 shield (worn)
 n - a +0 cloak (worn)
Jewellery
 p - an uncursed ring of stealth {unknown}
Scrolls
 e - a scroll of fog {unknown}
 h - 2 scrolls of remove curse {unknown}
 j - a scroll of teleportation {unknown}
 l - a scroll of fear {unknown}
Potions
 d - a potion of might
 g - a potion of ambrosia {unknown}
 i - a potion of mutation {unknown}
 k - a potion of agility {unknown}
Comestibles
 f - 3 rations
 o - 2 chunks of flesh


   Skills:
 + Level 4.1 Fighting
 + Level 3.6 Axes
 + Level 4.4 Armour
 + Level 0.8 Dodging
 + Level 4.1 Shields


You had 3 spell levels left.
You didn't know any spells.
Your spell library was empty.

Dungeon Overview and Level Annotations

Branches:
Dungeon (2/15)

Altars:


Innate Abilities, Weirdness & Mutations

You reflexively headbutt those who attack you in melee.
You have a pair of horns on your head.


Message History

The bat barely misses you. You block the bat's attack.
You miss the bat. The bat hits you but does no damage. x2
You block the bat's attack.
You closely miss the bat.
You kill the bat!
No target in view!
You see here a bat corpse.
You butcher the bat corpse.
o - 2 chunks of flesh (gained 1)
You are feeling hungry.
f - 3 rations (gained 1) Welcome back, panicbit the Minotaur Fighter.
Press ? for a list of commands and other information.
Enter note: Unknown command.
Unknown command.
Unknown command.
Quiver which item? (- for none, * to show all) (? for menu, Esc to quit)
Okay, then.
Are you sure you want to abandon this character and quit the game? (Confirm

##### ...# #.#### #
####..@.#
####.##.....#.......
..............#####.
#####.#.###...#
#.#.##.....#
#....##<..##
#....###.## #.##.#
#.# ..# # #....# #.#
#.#


There were no monsters in sight!

Vanquished Creatures
  Crazy Yiuf (D:2)
  An adder (D:2)
  2 dart slugs (D:1)
  2 leopard geckos
  A ball python (D:1)
  2 giant cockroaches (D:1)
  5 goblins (D:1)
  3 hobgoblins (D:1)
  4 jackals (D:1)
  5 bats
  4 frilled lizards (D:1)
  6 kobolds
  3 rats (D:1)
39 creatures vanquished.

Vanquished Creatures (others)
  A hobgoblin (D:1)
  A kobold (D:1)
2 creatures vanquished.

Grand Total: 41 creatures vanquished

Notes
Turn   | Place    | Note
-------+----------+-------------------------------------------
     0 | D:1      | panicbit the Minotaur Fighter began the quest for the Orb.
     0 | D:1      | Reached XP level 1. HP: 19/19 MP: 0/0
    80 | D:1      | Reached XP level 2. HP: 23/27 MP: 1/1
   426 | D:1      | Reached XP level 3. HP: 24/33 MP: 2/2
   842 | D:2      | Found a runed door.
   873 | D:2      | Noticed Crazy Yiuf
   875 | D:2      | Killed Crazy Yiuf
   875 | D:2      | Reached XP level 4. HP: 40/40 MP: 3/3
  1016 | D:2      | Quit the game

Vault maps used:
D:1:      minmay_arrival_hallway, lemuel_flame_loot_1
D:2:      nicolae_overflow_crystal_walls, uniq_robin, uniq_crazy_yiuf_cottage

Skill      XL: |  1  2  3 |
---------------+----------+-----
Axes           | 3 |  3.6
Armour         | 4 |  4.4
Fighting       | 4 |  4.1
Shields        | 4 |  4.1
Dodging        | |  0.8

Action                   |  1- 3 |  4- 6 || total
-------------------------+-------+-------++-------
Melee: War axe           |    73 |    15 ||    88
       Headbutt          |    10 |     1 ||    11
Armor: Scale mail        |    37 |     8 ||    45
Dodge: Dodged            |    23 |    10 ||    33
Block: Shield            |    40 |    17 ||    57

Table legend:
 A = Non-vault XP
 B = Vault XP
 C = Vault XP percentage of total XP
 D = Non-vault monster count
 E = Vault monster count
 F = Vault count percentage of total count
                 A         B        C        D         E       F
            +---------+---------+-------+---------+---------+-------
      Total |     122 |       0 |   0.0 |      39 |       0 |   0.0
            +---------+---------+-------+---------+---------+-------
        D:1 |      56 |       0 |   0.0 |      32 |       0 |   0.0
        D:2 |      66 |       0 |   0.0 |       7 |       0 |   0.0
            +---------+---------+-------+---------+---------+-------
